Map: Torches LE

Players

ManlyManMeat - Winner!

  • Race: Zerg Zerg
  • League: Master
  • Spawn Location: 5:00

VOD

Have the link to the VOD?

Description

Time

  • Played on: June 17, 2025, 10:08 a.m.
  • Length: 104:29
Show
View Real Time Build Order
Export as new Build Order

ManlyManMeat Zerg - Winner!

Build Orders:  

Get SALT Encoding   

  12  0:01  Drone  
  13  0:17  Overlord  
  13  0:33  Drone  
  14  0:42  Drone x2  
  14  0:49  Drone  
  17  1:15  Hatchery  
  17  1:18  Drone  
  17  1:37  Drone  
  18  1:44  Spawning Pool  
  18  1:46  Extractor  
  18  1:49  Drone  
  17  2:04  Drone  
  18  2:19  Drone  
  19  2:34  Drone  
  20  2:50  Queen  
  20  2:54  Overlord  
  20  2:56  Queen  
  20  2:57  Drone  
  25  3:13  Drone  
  25  3:14  Drone  
  27  3:22  Drone  
  28  3:33  Drone  
  29  3:50  Drone x2  
  29  3:51  Drone, Hatchery  
  31  4:03  Queen  
  31  4:05  Metabolic Boost  
  31  4:09  Drone  
  34  4:10  Drone  
  35  4:21  Drone  
  35  4:23  Overlord  
  36  4:36  Overlord  
  36  4:50  Drone  
  36  4:51  Drone x3  
  36  4:57  Queen  
  42  5:03  Drone x2  
  42  5:04  Drone x2  
  46  5:10  Zergling x4  
  46  5:13  Drone x2  
  46  5:16  Overlord  
  50  5:21  Overlord  
  50  5:31  Queen  
  52  5:41  Drone  
  52  5:43  Drone x4  
  52  5:44  Drone  
  58  5:54  Extractor  
  58  5:56  Extractor  
  58  5:58  Extractor  
  55  6:21  Overlord x4  
  55  6:28  Baneling Nest  
  54  6:32  Roach Warren  
  53  6:41  Drone x3  
  53  6:42  Drone  
  53  6:43  Drone x2, Evolution Chamber  
  53  6:44  Drone, Evolution Chamber  
  53  6:46  Drone  
  59  6:56  Lair  
  59  7:10  Zergling x2  
  59  7:11  Zergling x8  
  59  7:12  Zergling x6  
  67  7:24  Drone x3  
  67  7:25  Drone x3  
  73  7:40  Drone x3  
  73  7:41  Drone x2  
  73  7:42  Overlord x2  
  78  8:11  Zerg Melee Weapons Level 1  
  78  8:13  Zerg Ground Armor Level 1  
  77  8:21  Extractor  
  77  8:22  Extractor  
  75  8:32  Hydralisk Den  
  75  8:36  Drone x3, Spire  
  75  8:37  Drone  
  75  8:38  Hatchery  
  76  8:42  Drone x2  
  76  8:43  Drone  
  76  8:44  Drone x3  
  82  9:08  Overseer  
  82  9:11  Overseer x2  
  82  9:13  Drone x4  
  82  9:14  Drone x2  
  82  9:17  Hydralisk x4  
  96  9:21  Spore Crawler  
  96  9:22  Spore Crawler  
  96  9:25  Spore Crawler  
  93  9:36  Overlord x2  
  93  9:37  Overlord x2  
  93  10:01  Drone x2  
  93  10:02  Drone x4  
  93  10:03  Drone x3  
  102  10:13  Roach  
  104  10:23  Extractor  
  104  10:27  Extractor  
  102  10:39  Evolution Chamber  
  101  10:40  Mutalisk x10  
  121  11:47  Hydralisk x3  
  121  11:48  Hydralisk x3  
  133  11:55  Zerg Ground Armor Level 2, Zerg Missile Weapons Level 1  
  133  11:56  Zerg Melee Weapons Level 2  
  133  12:31  Roach  
  133  12:32  Roach x4  
  133  12:33  Roach x5  
  133  12:34  Roach x2  
  133  12:36  Hydralisk  
  133  12:38  Overlord  
  133  12:39  Overlord x5  
  159  12:40  Overlord  
  159  13:01  Unknown  
  159  13:51  Centrifugal Hooks  
  159  14:02  Glial Reconstitution  
  159  14:42  Zerg Missile Weapons Level 2  
  159  14:51  Infestation Pit  
  159  14:59  Lurker Den  
  157  15:11  Hatchery  
  157  15:12  Hatchery  
  157  15:17  Nydus Network  
  154  15:40  Unknown  
  154  15:49  Overseer x4  
  154  15:50  Overseer x2  
  154  16:01  Pneumatized Carapace  
  154  16:03  Burrow  
  154  16:09  Nydus Canal  
  154  16:41  Infestor x5  
  154  16:42  Infestor x2  
  166  18:00  Neural Parasite  
  165  18:22  Hatchery  
  165  18:24  Extractor  
  163  18:31  Extractor  
  163  18:38  Hive  
  162  18:48  Infestor x7  
  162  18:51  Infestor x7  
  162  18:58  Infestor x7  
  162  19:04  Overlord x3  
  162  19:05  Hydralisk x11, Overlord  
  162  19:08  Hydralisk x11  
  162  19:11  Roach x13  
  162  19:14  Roach x13  
  162  19:55  Zerg Melee Weapons Level 3, Zerg Missile Weapons Level 3  
  162  19:56  Zerg Ground Armor Level 3  
  162  19:59  Zerg Flyer Weapons Level 1  
  162  20:05  Lurker  
  162  20:06  Lurker  
  162  20:07  Lurker x2  
  162  20:08  Lurker  
  167  20:12  Viper x2  
  173  20:25  Ultralisk Cavern  
  173  20:26  Ultralisk Cavern  
  171  20:33  Spire  
  170  20:43  Lurker Den  
  169  21:17  Unknown  
  169  21:30  Unknown  
  167  23:43  Unknown  
  165  26:05  Tunneling Claws  
  165  26:12  Greater Spire  
  165  26:13  Zerg Flyer Armor Level 1  
  165  26:23  Spire  
  164  26:53  Chitinous Plating  
  164  27:04  Unknown  
  164  27:27  Extractor  
  164  27:28  Extractor  
  162  27:30  Unknown  
  162  27:41  Ultralisk x4  
  183  43:57  Ultralisk x2  
  188  67:35  Drone  
  188  67:36  Drone x5  
  188  67:37  Drone x3  
  188  67:38  Drone x3, Hatchery  
  188  67:39  Drone  
  188  67:42  Extractor x2  
  188  87:19  Ultralisk  
  188  87:54  Roach  
  188  88:11  Ultralisk  
  188  88:27  Ultralisk x5  
  188  88:32  Infestor x7  
  188  88:36  Ultralisk x2  
  188  88:39  Ultralisk  
  188  88:41  Hydralisk  
  188  88:42  Ultralisk x2  
  188  88:44  Roach  
  188  88:45  Roach  
  188  88:48  Ultralisk x2  
  188  88:49  Hydralisk x6  
  188  88:55  Roach x11  
  188  88:58  Hydralisk  
  188  89:01  Hydralisk  
  188  89:02  Ultralisk x5  
  188  89:04  Hydralisk  
  188  89:06  Ultralisk x5  
  188  89:07  Infestor x7  
  188  89:10  Hydralisk  
  188  89:11  Infestor x7  
  188  89:23  Ultralisk  
  188  89:24  Hydralisk x6  
  188  89:28  Hydralisk x6  
  188  89:30  Roach x11  
  188  89:34  Roach x11  
  188  89:43  Ultralisk  
  188  90:02  Ultralisk x5  
  188  90:06  Infestor x7  
  188  90:18  Infestor  
  188  90:21  Ultralisk  
  188  90:23  Hydralisk x6  
  188  90:29  Roach x11  
  188  90:48  Roach  
  188  91:21  Hydralisk  
  188  91:25  Hydralisk  
Tags
 
League
Master
Matchup
Co-op
Replay Pack
Myownreplay2
Add a new tag
Caveats
  • Supply blocks, unpowered buildings, or Contaminate may cause inaccurate times.
  • Supply counts are checked every 10 seconds.